 Dungeon Crawl Stone Soup version 0.19.4-8-ga85b6b9 (webtiles) character file.

103 Heskey the Skirmisher (level 4, 0/75 HPs)
             Began as an Ogre Berserker on Feb 12, 2017.
             Was a Believer of Trog.
             Slain by a gnoll (7 damage)
             ... on level 2 of the Dungeon.
             The game lasted 00:01:58 (2257 turns).

Heskey the Skirmisher (Ogre Berserker)              Turns: 2257, Time: 00:02:01

Health: 0/75       AC:  3    Str: 28    XL:     4   Next: 79%
Magic:  4/4        EV: 11    Int:  6    God:    Trog [**....]
Gold:   47         SH:  0    Dex:  9    Spells: 0 memorised, 3 levels left

rFire  . . .     SeeInvis .     a - +0 mace
rCold  . . .     Gourm    .     b - +0 animal skin
rNeg   . . .     Faith    .     (no shield)
rPois  .         Spirit   .     (helmet restricted)
rElec  .         Reflect  .     (no cloak)
rCorr  .         Harm     .     (gloves unavailable)
MR     .....                    (boots unavailable)
Stlth  ..........               g - amulet of magic regeneration
                                (no ring)
                                t - ring of wizardry

@: berserking, very quick
A: unfitting armour, tough skin 1
a: Berserk, Trog's Hand, Burn Spellbooks, Renounce Religion


You were on level 2 of the Dungeon.
You worshipped Trog.
Trog was pleased with you.
You were very hungry.

You visited 1 branch of the dungeon, and saw 2 of its levels.

You collected 47 gold pieces.

Inventory:

Hand Weapons
 a - a +0 mace (weapon)
Armour
 b - a +0 animal skin (worn)
Jewellery
 g - an amulet of magic regeneration (around neck)
 t - a ring of wizardry (left hand)
Scrolls
 d - 2 scrolls of immolation {unknown}
 e - a scroll of enchant weapon {unknown}
 f - 2 scrolls of remove curse {unknown}
 l - a scroll of fog {unknown}
 n - a scroll of blinking {unknown}
 o - 4 scrolls of identify {unknown}
 r - 3 scrolls of amnesia {unknown}
Potions
 h - 2 potions of flight {unknown}
 j - 2 potions of degeneration {unknown}
 k - a potion of brilliance {unknown}
 m - a potion of cure mutation {unknown}
 q - a potion of heal wounds {unknown}
 s - a potion of berserk rage {unknown}
Comestibles
 c - a bread ration
 i - 3 slices of pizza
 p - 3 beef jerkies


   Skills:
 * Level 5.5 Fighting
 + Level 4.9 Maces & Flails
 + Level 3.4 Dodging


You had 3 spell levels left.
You didn't know any spells.

Dungeon Overview and Level Annotations

Branches:
Dungeon (2/15)

Altars:
Qazlal


Innate Abilities, Weirdness & Mutations

You are too large for most types of armour.
You have tough skin. (AC +1)


Message History

The gnoll is heavily wounded.
The gnoll barely misses you.
You hit the gnoll.
The gnoll is severely wounded.
The gnoll hits you.
* * * LOW HITPOINT WARNING * * *
The gnoll barely misses you.
You closely miss the gnoll.
The gnoll is severely wounded.
The gnoll hits you but does no damage. The gnoll hits you.
* * * LOW HITPOINT WARNING * * *
The gnoll hits you with a halberd.
* * * LOW HITPOINT WARNING * * *
You thump the gnoll!
You kill the gnoll!
Trog accepts your kill. The gnoll hits you with a whip.
* * * LOW HITPOINT WARNING * * *
The gnoll hits you!
You die...

#.# #.##### #.....#.# #.#
#.....# ####.....#.# # ##.##
#####.# #..........#
######...# #.# #.##.....###
.........# #.# #.##.....#
####.###.# ##.## #.####.### #
#.###.## ##...###.# #.# #
#.##.#.#####..g..##.####.#
####.#.###......@)..........#
..##.#..#.####.g.....#####..#
.†.gg..#....................#
(#...#########.......#####..#
.#...# ###...### #..# )##.##
#...# #..# ..#.# ##.## #..#
..#.# #.# #..# ..#.#
##.#########.#


You could see 2 gnolls.

Vanquished Creatures
  A gnoll shaman (D:2)
  A gnoll (D:2)
  2 adders (D:2)
  2 worms
  A leopard gecko (D:1)
  2 giant cockroaches
  7 goblins
  3 hobgoblins
  5 kobolds
  2 ball pythons (D:2)
  9 bats
  7 frilled lizards
  2 rats (D:1)
44 creatures vanquished.

Notes
Turn   | Place    | Note
-------+----------+-------------------------------------------
     0 | D:1      | Heskey the Ogre Berserker began the quest for the Orb.
     0 | D:1      | Reached XP level 1. HP: 24/24 MP: 1/1
   158 | D:1      | Reached XP level 2. HP: 25/33 MP: 2/2
   768 | D:1      | Reached XP level 3. HP: 40/41 MP: 3/3
  1006 | D:2      | Reached skill level 5 in Fighting
  1242 | D:2      | Reached ** piety under Trog
  1861 | D:2      | Found a stormy altar of Qazlal.
  1927 | D:2      | Reached XP level 4. HP: 30/50 MP: 4/4
  2257 | D:2      | Slain by a gnoll

Skill      XL: |  1  2  3 |
---------------+----------+-----
Dodging        | 3 |  3.4
Fighting       | 5 |  5.5
Maces & Flails | |  4.9

Action                   |  1- 3 |  4- 6 || total
-------------------------+-------+-------++-------
Melee: Mace              |   124 |     9 ||   133
Invok: Berserk           |       |     1 ||     1
  Eat: Chunk             |     3 |     1 ||     4
Armor: Animal skin       |    42 |       ||    42
Dodge: Dodged            |    70 |     9 ||    79
